 Dungeon Crawl Stone Soup version 0.25-a0-661-g55ea3d2053 (webtiles) character file.

Game seed: 10664227750259019412, levelgen mode: deterministic

496 grulito the Digger (level 7, 0/37 HPs)
             Began as a Gargoyle Earth Elementalist on Mar 23, 2020.
             Shot with an arrow by a centaur (10 damage)
             ... on level 5 of the Dungeon.
             The game lasted 00:26:26 (3530 turns).

grulito the Digger (Gargoyle Earth Elementalist)    Turns: 3530, Time: 00:26:27

Health: 0/37       AC:  8    Str: 11    XL:     7   Next: 15%
Magic:  12/13      EV: 12    Int: 18    God:
Gold:   169        SH:  0    Dex: 10    Spells: 13/14 levels left

rFire    . . .     SeeInvis .   f - +0 whip (venom)
rCold    . . .     Gourm    .   (no shield)
rNeg     + . .     Faith    .   h - +0 robe
rPois    ∞         Spirit   .   o - +1 helmet
rElec    +         Reflect  .   (no cloak)
rCorr    .         Harm     .   (no gloves)
MR       .....                  (no boots)
Stlth    ++........             (no amulet)
HPRegen  0.12/turn              (no ring)
MPRegen  0.13/turn              (no ring)

@: no status effects
A: negative energy resistance 1, electricity resistance, unbreathing,
petrification resistance, rot immunity, AC +4
a: no special abilities


You were on level 5 of the Dungeon.
You were not hungry.

You visited 1 branch of the dungeon, and saw 5 of its levels.

You collected 169 gold pieces.

Inventory:

Hand Weapons
 e - a +0 short sword
 f - a +0 whip of venom (weapon)
 n - a +0 vorpal trident
Missiles
 b - 18 stones (quivered)
Armour
 c - a +0 robe
 h - a +0 robe (worn)
 o - a +1 helmet (worn)
Scrolls
 a - 3 scrolls of teleportation
 g - a scroll of immolation {unknown}
 j - 2 scrolls of blinking
 l - a scroll of identify
 m - a scroll of noise {unknown}
 q - a scroll of remove curse
 r - a scroll of enchant armour {unknown}
Potions
 i - a potion of ambrosia
 k - 2 potions of mutation
 p - a potion of flight {unknown}
Comestibles
 d - 5 rations


   Skills:
 + Level 0.8 Fighting
 + Level 1.0 Maces & Flails
 * Level 2.8 Dodging
 + Level 2.7 Stealth
 * Level 4.3 Spellcasting
   Level 0.7 Transmutations
 * Level 6.4 Earth Magic


You had 13 spell levels left.
You knew the following spells:

 Your Spells              Type           Power        Failure   Level  Hunger
a - Sandblast             Erth           ####..       1%          1    None

Your spell library contained the following spells:

 Spells                   Type           Power        Failure   Level  Hunger
 Passwall                 Tmut/Erth      ###.....     4%          2    ##.....
 Beastly Appendage        Tmut           #.....       11%         1    None
 Stone Arrow              Conj/Erth      ###...       11%         3    ###....
 Sticks to Snakes         Tmut           #.......     16%         2    ##.....
 Lee's Rapid Deconstruct  Erth           ####......   26%         5    ######.
 Petrify                  Tmut/Erth      ###.....     32%         4    ####...
 Spider Form              Tmut/Pois      #.........   36%         3    ###....
 Ice Form                 Ice/Tmut       #.......     77%         4    ####...
 Blade Hands              Tmut           #.........   96%         5    ######.


Dungeon Overview and Level Annotations

Branches:
Dungeon (5/15)
 Temple: D:4-7

Altars:
Nemelex Xobeh

Shops:
D:4 [

Annotations:
D:4 Dowan, Duvessa


Innate Abilities, Weirdness & Mutations

You are resistant to torment.
Your stone body is resilient. (AC +4)
You are immune to poison.
You resist negative energy. (rN+)
You are resistant to electric shocks. (rElec)
You can survive without breathing.
You are immune to petrification.
You are immune to rotting.


Message History

The centaur shoots an arrow.
The arrow hits you.
You see here an arrow.
The centaur shoots an arrow.
The arrow hits you but does no damage.
The centaur shoots an arrow.
The arrow barely misses you.
You see here 2 arrows.
The centaur shoots an arrow.
The arrow hits you.
You see here an arrow.
The centaur shoots an arrow.
The arrow hits you!
* * * LOW HITPOINT WARNING * * *
You see here 2 arrows.
Casting: Sandblast (safe; 1% risk of failure)
Confirm with . or Enter, or press ? or * to list all spells.
Aiming: Sandblast (safe; 1% risk of failure)
Press: ? - help, Shift-Dir - straight line, f - centaur
Aim: a centaur, wielding a +0 shortbow and quivering 12 arrows The blast of sand hits the centaur!!
The centaur is almost dead.
b - 18 stones The centaur shoots an arrow.
The arrow hits you!
You die...

#.# #.#....#.######### ##
#.# #.#.#............. #..
#.###.#.#.##.########. #..
#.........##.# #. #...
#####........# #.
###...##### #####.###....
#.
..........########.###....
#.
......Y.....c(.##.........
#.
..........####@##..###....
#. #..../..###..........#
.. ## #.#...#.#
#.##.##.##.# # #...#.#
#.##.##.# .# ######
.....#.# #.##....# .#
#..... #.#.. #.#
#.##.##.##.## ##.....
#.... ..# #.##........#
#)..).. ## #...........#
#..<...
####.....##.###......


You could see a centaur.

Vanquished Creatures
  An ogre (D:4)
  A sky beast (D:4)
  A howler monkey (D:5)
  An orc wizard (D:5)
  3 worker ants
  3 gnolls (D:4)
  5 adders
  3 oozes
  An adder zombie (D:5)
  A worm (D:4)
  A dart slug (D:2)
  A leopard gecko (D:1)
  4 orcs
  A ball python (D:1)
  3 giant cockroaches
  12 goblins
  9 hobgoblins
  7 jackals
  2 quokkas
  10 bats
  2 frilled lizards (D:3)
  10 kobolds
  A quokka skeleton (D:5)
  7 rats
90 creatures vanquished.

Notes
Turn   | Place    | Note
-------+----------+-------------------------------------------
     0 | D:1      | grulito the Gargoyle Earth Elementalist began the quest for
                  | the Orb.
     0 | D:1      | Reached XP level 1. HP: 10/10 MP: 3/3
   138 | D:1      | Reached skill level 4 in Earth Magic
   138 | D:1      | Reached XP level 2. HP: 13/15 MP: 0/5
   562 | D:1      | Reached XP level 3. HP: 12/19 MP: 4/6
  1040 | D:2      | Reached XP level 4. HP: 24/24 MP: 6/8
  2232 | D:3      | Reached XP level 5. HP: 28/28 MP: 9/9
  2560 | D:4      | Found Rineubuh's Antique Armour Shop.
  2585 | D:4      | Reached skill level 5 in Earth Magic
  2788 | D:4      | Found a sparkling altar of Nemelex Xobeh.
  2808 | D:4      | Noticed an ogre
  2834 | D:4      | Killed an ogre
  2834 | D:4      | Reached skill level 1 in Maces & Flails
  2834 | D:4      | Reached XP level 6. HP: 30/33 MP: 2/11
  2886 | D:4      | Noticed Duvessa
  2888 | D:4      | Noticed Dowan
  3257 | D:4      | Noticed a sky beast
  3298 | D:4      | Killed a sky beast
  3298 | D:4      | Reached skill level 6 in Earth Magic
  3326 | D:5      | Entered Level 5 of the Dungeon
  3387 | D:5      | Noticed a sky beast
  3440 | D:5      | Reached XP level 7. HP: 37/37 MP: 13/13
  3530 | D:5      | Shot with an arrow by a centaur

Levels and vault maps discovered:
D:1:      wander_arrival_abandoned_jail, layout_rooms, grunt_decor_one_mirror,
          serial_park_tiny_2, minmay_distorted
D:2:      layout_loops_ring, first_ration, minmay_heptomino_l4
D:3:      minmay_skewed_foursquare, layout_loops_cross,
          chequers_serial_rivers_small_3
D:4:      layout_basic, serial_shops, shop_fountains, grunt_ministairs_1,
          nemelex_dance_club_becter, uniq_duvessa
D:5:      layout_loops_cross

Skill      XL: |  1  2  3  4  5  6 |
---------------+-------------------+-----
Earth Magic    | 4 5 6 |  6.4
Dodging        | 2 |  2.8
Spellcasting   | 3 4 |  4.3
Maces & Flails | 1 |  1.0
Fighting       | |  0.8
Stealth        | |  2.7
Transmutations | |  0.7

Action                   |  1- 3 |  4- 6 |  7- 9 || total
-------------------------+-------+-------+-------++-------
Melee: Unarmed           |    23 |       |       ||    23
       Whip              |    46 |   113 |     8 ||   167
 Cast: Sandblast         |    34 |    60 |     5 ||    99
  Use: Scroll            |       |     8 |       ||     8
       Potion            |       |     1 |       ||     1
 Stab: Sleeping          |       |     3 |       ||     3
  Eat: Ration            |       |     2 |     1 ||     3
       Chunk             |       |     1 |       ||     1
Armor: Robe              |    70 |    56 |     5 ||   131
Dodge: Dodged            |    96 |    99 |     6 ||   201

Table legend:
 A = Non-vault XP
 B = Vault XP
 C = Vault XP percentage of total XP
 D = Non-vault monster count
 E = Vault monster count
 F = Vault count percentage of total count
                 A         B        C        D         E       F
            +---------+---------+-------+---------+---------+-------
      Total |     615 |      94 |  13.3 |      74 |      16 |  17.8
            +---------+---------+-------+---------+---------+-------
        D:1 |      52 |       1 |   1.9 |      29 |       1 |   3.3
        D:2 |      82 |       5 |   5.7 |      20 |       3 |  13.0
        D:3 |      20 |      45 |  69.2 |       9 |       9 |  50.0
        D:4 |     318 |      43 |  11.9 |       9 |       3 |  25.0
        D:5 |     143 |       0 |   0.0 |       7 |       0 |   0.0
            +---------+---------+-------+---------+---------+-------
